 Dungeon Crawl Stone Soup version 0.28-a0-407-g69098e2f6d (webtiles) character file.

Game seed: 15441489979392836735

136 rogsnak the Magician (level 4, -2/30 HPs)
             Began as a Demonspawn Hedge Wizard on Sept 6, 2021.
             Killed by divine providence
             ... invoked by an orc priest
              (14 damage)
             ... on level 3 of the Dungeon.
             The game lasted 00:08:48 (4472 turns).

rogsnak the Magician (Demonspawn Hedge Wizard)      Turns: 4472, Time: 00:08:49

Health: -2/30      AC:  4    Str: 10    XL:     4   Next: 98%
Magic:  6/10       EV: 12    Int: 16    God:
Gold:   56         SH:  0    Dex: 13    Spells: 5/11 levels left

rFire   . . .      SeeInvis .   l - +2 mace (protect)
rCold   . . .      Faith    .   (no shield)
rNeg    . . .      Spirit   .   b - +0 robe
rPois   .          Reflect  .   c - +0 hat
rElec   .          Harm     .   (no cloak)
rCorr   .          Rampage  .   (no gloves)
Will    .....                   (no boots)
Stlth   ++........              (no amulet)
HPRegen 0.10/turn               (no ring)
MPRegen 0.12/turn               (no ring)

@: lethally poisoned (-2 -> -6), studying Staves
A: claws 2, yellow scales 1
a: no special abilities


You were on level 3 of the Dungeon.
You visited 1 branch of the dungeon, and saw 3 of its levels.

You collected 56 gold pieces.

Inventory:

Hand Weapons
 a - a +0 dagger
 e - a +0 short sword
 i - a +0 great sword
 l - a +2 mace of protection (weapon)
Missiles
 h - 31 stones
 n - 17 poisoned darts
Armour
 b - a +0 robe (worn)
 c - a +0 hat (worn)
Scrolls
 d - a scroll of holy word {unknown}
 f - 4 scrolls of identify {unknown}
 m - a scroll of vulnerability {unknown}
Potions
 g - a potion of heal wounds {unknown}
 j - a potion of mutation {unknown}
 k - a potion of brilliance {unknown}


   Skills:
 + Level 0.1 Fighting
 + Level 2.2 Dodging
 - Level 1.7 Stealth
 + Level 4.2 Spellcasting
 * Level 3.0 Conjurations
 - Level 1.0 Summonings
 + Level 0.8 Translocations
 * Level 0.4 Air Magic


You had 5 spell levels left.
You knew the following spells:

 Your Spells              Type           Power      Damage    Failure   Level
a - Magic Dart            Conj           52%        1d5       4%          1
b - Blink                 Tloc           N/A        N/A       19%         2
c - Mephitic Cloud        Conj/Pois/Air  7%         N/A       30%         3

Your spell library contained the following spells:

 Spells                   Type           Power      Damage    Failure   Level
 Sandblast                Erth           6%         2d5       17%         1
 Call Imp                 Summ           6%         N/A       17%         2
 Passwall                 Tmut/Erth      2%         N/A       26%         2
 Slow                     Hex            3%         N/A       26%         2
 Conjure Flame            Conj/Fire      8%         6-21      26%         3
 Stone Arrow              Conj/Erth      16%        3d8       26%         3


Dungeon Overview and Level Annotations

Branches:
Dungeon (3/15)

Altars:

Portals:
Abyss: D:3

Annotations:
D:3 2 transporters, mistaj's ghost, weakling GrFi


Innate Abilities, Weirdness & Mutations

You have very sharp fingernails.
You are partially covered in yellow scales. (AC +2)


Message History

You see here 15 bolts.
There is an open door here.
Things that are here:
a +0 ring mail; a +0 whip
There is an open door here.
The orc priest shouts!
You hear a shout!
Casting: Magic Dart (safe; 4% risk of failure)
Confirm with . or Enter, or press ? or * to list all spells.
Aiming: Magic Dart (safe; 4% risk of failure)
Press: ? - help, Shift-Dir - straight line, f - orc priest
Aim: an orc priest, wielding a +2 dagger of venom and wearing a +0 leather armour (100% to hit)
The magic dart hits the orc priest but does no damage.
A kobold comes into view. It is wielding a +0 short sword.
Casting: Magic Dart (safe; 4% risk of failure)
Confirm with . or Enter, or press ? or * to list all spells.
Aiming: Magic Dart (safe; 4% risk of failure)
Press: ? - help, Shift-Dir - straight line, f/p - orc priest
Aim: an orc priest, wielding a +2 dagger of venom and wearing a +0 leather armour (100% to hit)
The magic dart hits the orc priest but does no damage.
Casting: Magic Dart (safe; 4% risk of failure)
Confirm with . or Enter, or press ? or * to list all spells.
Aiming: Magic Dart (safe; 4% risk of failure)
Press: ? - help, Shift-Dir - straight line, f/p - orc priest
Aim: an orc priest, wielding a +2 dagger of venom and wearing a +0 leather armour (100% to hit)
The magic dart hits the orc priest but does no damage.
The orc priest hits you but does no damage.
You are poisoned.
Casting: Magic Dart (safe; 4% risk of failure)
Confirm with . or Enter, or press ? or * to list all spells.
Aiming: Magic Dart (safe; 4% risk of failure)
Press: ? - help, Shift-Dir - straight line, f/p - orc priest
Aim: an orc priest, wielding a +2 dagger of venom and wearing a +0 leather armour (100% to hit)
The magic dart hits the orc priest but does no damage.
You feel sick.
The orc priest invokes the aid of Beogh against you.
Beogh smites you!
You closely miss the orc priest.
You feel sick.
The orc priest calls down the wrath of Beogh upon you.
Beogh smites you!
You die...

##.##....##.##...###
#..#.....#.)#.)#...###
##.##....##.##.####...#
#...###..'..#..# ###..
#'#...####.##.## ##.
#.###...#..#..# #..
##...###...##.## ##.#
#..#...###.#...#+# #..#
##.####.@.#####...####.##
#..# #o#...#.###...#..#
##.## ..K##.##...###.).##
#..#.....#..#..#...###.#
####.##....##.##.####...#'#
#.....###..#..#..+
###..o###
#.###...####.##.## ##.##..
# ###...#..#..# #..####
###...##.## ##.##


You could see an orc priest and a kobold.

Vanquished Creatures
  An orc wizard (D:3)
  An adder (D:2)
  2 dart slugs
  9 orcs
  6 ball pythons
  6 bats
  6 endoplasms (D:1)
  3 giant cockroaches
  6 goblins
  9 hobgoblins
  11 jackals
  8 kobolds
  3 frilled lizards
  5 rats
76 creatures vanquished.

Vanquished Creatures (collateral kills)
  A hobgoblin (D:3)
1 creature vanquished.

Grand Total: 77 creatures vanquished

Notes
Turn   | Place    | Note
-------+----------+-------------------------------------------
     0 | D:1      | rogsnak the Demonspawn Hedge Wizard began the quest for the
                  | Orb.
     0 | D:1      | Reached XP level 1. HP: 13/13 MP: 4/4
   638 | D:1      | Gained mutation: You have sharp fingernails. [demonic
                  | ancestry]
   638 | D:1      | Reached XP level 2. HP: 19/19 MP: 3/6
  1059 | D:1      | Gained mutation: You have very sharp fingernails. [demonic
                  | ancestry]
  1059 | D:1      | Reached XP level 3. HP: 20/24 MP: 0/8
  1721 | D:1      | Learned a level 2 spell: Blink
  1725 | D:1      | Learned a level 3 spell: Mephitic Cloud
  2237 | D:2      | Found a faded altar of an unknown god.
  2637 | D:2      | Gained mutation: You are partially covered in yellow
                  | scales. (AC +2) [demonic ancestry]
  2637 | D:2      | Reached XP level 4. HP: 30/30 MP: 6/9
  2832 | D:2      | Reached skill level 4 in Spellcasting
  3611 | D:3      | Found a one-way gate to the infinite horrors of the Abyss.
  3611 | D:3      | Noticed a small abomination
  3611 | D:3      | Noticed mistaj's ghost (weakling GrFi)
  3611 | D:3      | Noticed a small abomination
  4186 | D:3      | Found a transporter.
  4205 | D:3      | Found a transporter.
  4210 | D:3      | Noticed a kobold brigand
  4472 | D:3      | Killed from afar by an orc priest

Illustrated notes

Levels and vault maps discovered:
D:1:      dpeg_arrival_triangle_fractal, layout_basic
D:2:      layout_rooms, ebering_ecumenical_altar_sacrificial, wad_orctagon
D:3:      minmay_skewed_foursquare, layout_loops_ring,
          gammafunk_ghost_abyssal_escape

Skill      XL: |  1  2  3  4 |
---------------+-------------+-----
Conjurations   | 2 3 |  3.0
Dodging        | 2 |  2.2
Spellcasting   | 4 |  4.2
Fighting       | |  0.1
Stealth        | |  1.7
Summonings     | |  1.0
Translocations | |  0.8
Air Magic      | |  0.4

Action                   |  1- 3 |  4- 6 || total
-------------------------+-------+-------++-------
Melee: Short sword       |    31 |       ||    31
       Unarmed           |    22 |    23 ||    45
       Mace              |       |    12 ||    12
 Cast: Magic Dart        |   118 |    61 ||   179
       Mephitic Cloud    |       |     1 ||     1
Armor: Robe              |     9 |    14 ||    23
Dodge: Dodged            |    59 |    20 ||    79

Table legend: (Time is in decaauts)
 A = Elapsed time spent in this place.
 B = Non-inter-level travel time spent in this place.
 C = Inter-level travel time spent in this place.
 D = Time resting spent in this place.
 E = Time spent auto-exploring this place.
 F = Levels seen in this place.
 G = Mean time per level.
                   A        B        C        D        E       F      G
               +--------+--------+--------+--------+--------+-----+--------+
         Total |   4480 |   4423 |     57 |   1113 |   2639 |   3 | 1493.3 |
       Dungeon |   4480 |   4423 |     57 |   1113 |   2639 |   3 | 1493.3 |
               +--------+--------+--------+--------+--------+-----+--------+

Top non-repeatable levels by time:
     D:1: 2357 daAuts
     D:2: 1098 daAuts
     D:3: 1024 daAuts
